 Dungeon Sprint DCSS version 0.21-a0-331-gfb491b4 (webtiles) character file.

1201 potatolord6000 the Martial Artist (level 8, -3/80 HPs)
             Began as a Gnoll Transmuter on Oct 2, 2017.
             Was a Follower of Sif Muna.
             Slain by a deep troll (24 damage)
             ... in the Dungeon (Sprint I: "Red Sonja").
             The game lasted 00:07:10 (1257 turns).

potatolord6000 the Martial Artist (GnTm)            Turns: 1257, Time: 00:07:11

Health: -3/80      AC:  7    Str: 13    XL:     8   Next: 44%
Magic:  13/20      EV: 15    Int: 18    God:    Sif Muna [*.....]
Gold:   702        SH:  0    Dex: 15    Spells: 10/23 levels left

rFire    x . .     SeeInvis .     - Unarmed
rCold    + + +     Gourm    .   (shield currently unavailable)
rNeg     . . .     Faith    .   (armour currently unavailable)
rPois    +         Spirit   .   (helmet currently unavailable)
rElec    .         Reflect  .   (cloak currently unavailable)
rCorr    .         Harm     .   (gloves currently unavailable)
MR       .....     NoTele   +   (boots currently unavailable)
Stlth    +++.......             (no amulet)
HPRegen  0.23/turn              (no ring)
MPRegen  0.17/turn              (no ring)

@: ice-form, very slightly contaminated, hasted, very quick
A: distributed training, strong nose
a: End Transformation, Divine Energy, Renounce Religion


You were in the Dungeon.
You worshipped Sif Muna.
Sif Muna was aware of your devotion.
You were not hungry.
You were a creature of crystalline ice.
You visited 1 branch You collected 702 gold pieces.

Inventory:

Missiles
 a - 12 arrows
Armour
 b - a +0 robe (melded)
Scrolls
 e - a scroll of enchant weapon {unknown}
 j - a scroll of blinking
Potions
 f - 2 potions of curing
 h - 2 potions of magic
Books
 c - a book of Changes

   Spells                             Type                      Level
   a - Beastly Appendage              Transmutation                1
   b - Sticks to Snakes               Transmutation                2
   c - Spider Form                    Transmutation/Poison         3
   d - Ice Form                       Ice/Transmutation            4
   e - Blade Hands                    Transmutation                5
Comestibles
 d - a meat ration


   Skills:
 + Level 7.0 Fighting
 + Level 6.4 Short Blades
 + Level 6.4 Long Blades
 + Level 6.4 Axes
 + Level 6.4 Maces & Flails
 + Level 6.4 Polearms
 + Level 6.4 Staves
 + Level 6.4 Slings
 + Level 6.4 Bows
 + Level 6.4 Crossbows
 + Level 6.4 Throwing
 + Level 6.4 Armour
 + Level 8.0 Dodging
 + Level 6.4 Stealth
   Level 0.0 Stabbing
 + Level 6.4 Shields
   Level 0.0 Traps
 + Level 9.2 Unarmed Combat
 + Level 8.2 Spellcasting
 + Level 6.4 Conjurations
 + Level 6.4 Hexes
 + Level 6.4 Charms
 + Level 6.4 Summonings
 + Level 6.4 Necromancy
 + Level 6.4 Translocations
 + Level 8.0 Transmutations
 + Level 6.4 Fire Magic
 + Level 6.4 Ice Magic
 + Level 6.4 Air Magic
 + Level 6.4 Earth Magic
 + Level 6.4 Poison Magic
 + Level 6.4 Invocations
 + Level 6.4 Evocations


You had 10 spell levels left.
You knew the following spells:

 Your Spells              Type           Power        Failure   Level  Hunger
a - Beastly Appendage     Tmut           #####.       1%          1    None
b - Spider Form           Tmut/Pois      ####......   1%          3    #......
c - Ice Form              Ice/Tmut       ####....     4%          4    ###....
d - Blade Hands           Tmut           #####.....   10%         5    #####..


Dungeon Overview and Level Annotations

Branches:
Dungeon (1/1)

Altars:
Cheibriados
Dithmenos
Elyvilon
Fedhas
Gozag
Hepliaklqana
Kikubaaqudgha
Makhleb
Nemelex Xobeh
Okawaru
Qazlal
Ru
Sif Muna
Trog
Uskayaw
Vehumet
Wu Jian
Xom
Yredelemnul
Zin
The Shining One
Jiyva
Lugonu

Shops:
D ::


Innate Abilities, Weirdness & Mutations

Your experience applies equally to all skills.
((You have very sharp teeth.))
Your uncanny sense of smell can sniff out nearby items.


Message History

The deep troll is heavily wounded.
The deep troll barely misses you. The deep troll claws you! x2
Unknown command.
You barely miss the deep troll.
The deep troll is heavily wounded.
Unknown command.
You closely miss the deep troll.
The deep troll is heavily wounded.
The deep troll barely misses you. The deep troll claws you!
* * * LOW HITPOINT WARNING * * *
The deep troll claws you.
* * * LOW HITPOINT WARNING * * *
Unknown command.
You punch the deep troll! You freeze the deep troll.
The deep troll is severely wounded.
Unknown command.
You barely miss the deep troll.
The deep troll is severely wounded.
The deep troll bites you!!
You die...

#..#####'#####'#__####
#..####..#...#(####∆∆
#..#__####..##(# ∆∆
#..#_____##'#_.+
#⌠⌠#_.∩...'..._# ∆∆
####_..__##_.#'#
∆∆#_____###)#.#∆∆∆∆ ∆
############.####+###∆
#∩........'...YT$.$$+∆
###++++####...#######
###.### #.#'#.#
#.....# #..)).#
####### ∆∆∆∆ ∆∆∆


You could see a deep troll.

Vanquished Creatures
  Sonja (D)
  A slime creature (D)
  Sigmund (D)
  A yak (D)
  An ogre (D)
  A jelly (D)
  Ijyb (D)
  3 ballistomycetes (D)
10 creatures vanquished.

Vanquished Creatures (others)
  A gargoyle (D)
  2 ballistomycete spores (D)
3 creatures vanquished.

Grand Total: 13 creatures vanquished

Notes
Turn   | Place    | Note
-------+----------+-------------------------------------------
     0 | D        | potatolord6000 the Gnoll Transmuter began the quest for the Orb.
     0 | D        | Reached XP level 1. HP: 17/17 MP: 6/6
     2 | D        | Noticed Ijyb
    25 | D        | Killed Ijyb
    25 | D        | Reached skill level 1 in Short Blades
    25 | D        | Reached skill level 1 in Long Blades
    25 | D        | Reached skill level 1 in Axes
    25 | D        | Reached skill level 1 in Maces & Flails
    25 | D        | Reached skill level 1 in Polearms
    25 | D        | Reached skill level 1 in Staves
    25 | D        | Reached skill level 1 in Slings
    25 | D        | Reached skill level 1 in Bows
    25 | D        | Reached skill level 1 in Crossbows
    25 | D        | Reached skill level 1 in Throwing
    25 | D        | Reached skill level 1 in Armour
    25 | D        | Reached skill level 1 in Stealth
    25 | D        | Reached skill level 1 in Shields
    25 | D        | Reached skill level 5 in Spellcasting
    25 | D        | Reached skill level 1 in Conjurations
    25 | D        | Reached skill level 1 in Hexes
    25 | D        | Reached skill level 1 in Charms
    25 | D        | Reached skill level 1 in Summonings
    25 | D        | Reached skill level 1 in Necromancy
    25 | D        | Reached skill level 1 in Translocations
    25 | D        | Reached skill level 1 in Fire Magic
    25 | D        | Reached skill level 1 in Ice Magic
    25 | D        | Reached skill level 1 in Air Magic
    25 | D        | Reached skill level 1 in Earth Magic
    25 | D        | Reached skill level 1 in Poison Magic
    25 | D        | Reached skill level 1 in Invocations
    25 | D        | Reached skill level 1 in Evocations
    25 | D        | Reached XP level 2. HP: 17/24 MP: 6/8
    25 | D        | Reached XP level 3. HP: 20/29 MP: 6/9
   124 | D        | Learned a level 3 spell: Spider Form
   125 | D        | Noticed an ogre
   130 | D        | Killed an ogre
   130 | D        | Reached skill level 5 in Dodging
   130 | D        | Reached skill level 7 in Unarmed Combat
   130 | D        | Reached skill level 5 in Transmutations
   130 | D        | Reached XP level 4. HP: 12/37 MP: 6/11
   346 | D        | Learned a level 4 spell: Ice Form
   472 | D        | Noticed Sigmund
   481 | D        | Killed Sigmund
   481 | D        | Reached skill level 5 in Fighting
   481 | D        | Reached XP level 5. HP: 44/44 MP: 9/14
   481 | D        | Reached XP level 6. HP: 51/51 MP: 9/15
   523 | D        | Found an ornate altar of the Wu Jian Council.
   523 | D        | Found a deep blue altar of Sif Muna.
   525 | D        | Found a radiant altar of Vehumet.
   530 | D        | Reached skill level 8 in Unarmed Combat
   543 | D        | Became a worshipper of Sif Muna the Loreminder
   567 | D        | Found Doenywod's Book Emporium.
   567 | D        | Found an ancient bone altar of Kikubaaqudgha.
   567 | D        | Found a hazy altar of Hepliaklqana.
   567 | D        | Found a stormy altar of Qazlal.
   567 | D        | Found a hide-covered altar of Uskayaw.
   567 | D        | Found a blossoming altar of Fedhas.
   567 | D        | Found a bloodstained altar of Trog.
   567 | D        | Found an iron altar of Okawaru.
   567 | D        | Found a basalt altar of Yredelemnul.
   567 | D        | Found a glowing golden altar of the Shining One.
   567 | D        | Found a snail-covered altar of Cheibriados.
   567 | D        | Found a sacrificial altar of Ru.
   567 | D        | Found a glowing silver altar of Zin.
   567 | D        | Found a shadowy altar of Dithmenos.
   567 | D        | Found a white marble altar of Elyvilon.
   567 | D        | Noticed a yak
   578 | D        | Killed a yak
   578 | D        | Reached skill level 5 in Short Blades
   578 | D        | Reached skill level 5 in Long Blades
   578 | D        | Reached skill level 5 in Axes
   578 | D        | Reached skill level 5 in Maces & Flails
   578 | D        | Reached skill level 5 in Polearms
   578 | D        | Reached skill level 5 in Staves
   578 | D        | Reached skill level 5 in Slings
   578 | D        | Reached skill level 5 in Bows
   578 | D        | Reached skill level 5 in Crossbows
   578 | D        | Reached skill level 5 in Throwing
   578 | D        | Reached skill level 5 in Armour
   578 | D        | Reached skill level 5 in Stealth
   578 | D        | Reached skill level 5 in Shields
   578 | D        | Reached skill level 5 in Conjurations
   578 | D        | Reached skill level 5 in Hexes
   578 | D        | Reached skill level 5 in Charms
   578 | D        | Reached skill level 5 in Summonings
   578 | D        | Reached skill level 5 in Necromancy
   578 | D        | Reached skill level 5 in Translocations
   578 | D        | Reached skill level 5 in Fire Magic
   578 | D        | Reached skill level 5 in Ice Magic
   578 | D        | Reached skill level 5 in Air Magic
   578 | D        | Reached skill level 5 in Earth Magic
   578 | D        | Reached skill level 5 in Poison Magic
   578 | D        | Reached skill level 5 in Invocations
   578 | D        | Reached skill level 5 in Evocations
   578 | D        | Reached XP level 7. HP: 38/57 MP: 11/17
   579 | D        | Found an opulent altar of Gozag.
   580 | D        | Found a sparkling altar of Nemelex Xobeh.
   674 | D        | Killed a gargoyle
   721 | D        | Learned a level 5 spell: Blade Hands
   744 | D        | Found a burning altar of Makhleb.
   744 | D        | Found a viscous altar of Jiyva.
   744 | D        | Found a shimmering altar of Xom.
   744 | D        | Found a corrupted altar of Lugonu.
   744 | D        | Noticed a slime creature
   750 | D        | Killed a slime creature
   928 | D        | Noticed Sonja
   937 | D        | Killed Sonja
   937 | D        | Reached * piety under Sif Muna
   937 | D        | Reached skill level 9 in Unarmed Combat
   937 | D        | Reached XP level 8. HP: 67/67 MP: 16/20
  1221 | D        | Found Duuwuocw's Book Boutique.
  1243 | D        | Noticed a deep troll
  1257 | D        | Slain by a deep troll

Vault maps used:
D:        dungeon_sprint_1

Skill      XL: |  1  2  3  4  5  6  7 |
---------------+----------------------+-----
Fighting       | 3 4 5 7 |  7.0
Short Blades   | 1 3 4 5 6 |  6.4
Long Blades    | 1 3 4 5 6 |  6.4
Axes           | 1 3 4 5 6 |  6.4
Maces & Flails | 1 3 4 5 6 |  6.4
Polearms       | 1 3 4 5 6 |  6.4
Staves         | 1 3 4 5 6 |  6.4
Slings         | 1 3 4 5 6 |  6.4
Bows           | 1 3 4 5 6 |  6.4
Crossbows      | 1 3 4 5 6 |  6.4
Throwing       | 1 3 4 5 6 |  6.4
Armour         | 1 3 4 5 6 |  6.4
Stealth        | 1 3 4 5 6 |  6.4
Shields        | 1 3 4 5 6 |  6.4
Spellcasting   | 5 6 7 8 |  8.2
Conjurations   | 1 3 4 5 6 |  6.4
Hexes          | 1 3 4 5 6 |  6.4
Charms         | 1 3 4 5 6 |  6.4
Summonings     | 1 3 4 5 6 |  6.4
Necromancy     | 1 3 4 5 6 |  6.4
Translocations | 1 3 4 5 6 |  6.4
Fire Magic     | 1 3 4 5 6 |  6.4
Ice Magic      | 1 3 4 5 6 |  6.4
Air Magic      | 1 3 4 5 6 |  6.4
Earth Magic    | 1 3 4 5 6 |  6.4
Poison Magic   | 1 3 4 5 6 |  6.4
Invocations    | 1 3 4 5 6 |  6.4
Evocations     | 1 3 4 5 6 |  6.4
Dodging        | 5 6 8 |  8.0
Unarmed Combat | 7 8 9 |  9.2
Transmutations | 5 6 8 |  8.0

Action                   |  1- 3 |  4- 6 |  7- 9 || total
-------------------------+-------+-------+-------++-------
Melee: Unarmed           |    23 |    19 |    31 ||    73
       Headbutt          |     2 |       |       ||     2
       Punch             |     2 |       |       ||     2
       Bite              |     2 |       |       ||     2
 Cast: Beastly Appendage |     2 |       |       ||     2
       Spider Form       |     1 |     1 |     1 ||     3
       Ice Form          |       |     3 |     3 ||     6
  Use: Potion            |     1 |       |     3 ||     4
 Stab: Sleeping          |       |     1 |       ||     1
  Eat: Bread ration      |     1 |       |       ||     1
Armor: Robe              |     2 |       |       ||     2
       Skin              |       |     2 |     7 ||     9
Dodge: Dodged            |     3 |     6 |    12 ||    21

Table legend:
 A = Spawn XP
 B = Non-spawn XP
 C = Spawn XP percentage of total XP
 D = Spawn monster count
 E = Non-spawn monster count
 F = Spawn count percentage of total count
 G = Total turns spent on level
                    A         B        C        D         E        F      G
               +---------+---------+-------+---------+---------+-------+---------
         Total |       0 |    1716 |   0.0 |       0 |       7 |   0.0 |  1257
               +---------+---------+-------+---------+---------+-------+---------
             D |       0 |    1716 |   0.0 |       0 |       7 |   0.0 |  1257
               +---------+---------+-------+---------+---------+-------+---------
